 Dungeon Crawl Stone Soup version 0.25.1-2-g60ff931df9 (webtiles) character file.

Game seed: 7166916625980339148

526260 Johnny the Metallomancer (level 23, -10/176 HPs)
             Began as a Demigod Earth Elementalist on Oct 19, 2020.
             Killed from afar by a quicksilver dragon (31 damage)
             ... with a bolt of dispelling energy
             ... on level 4 of the Vaults.
             The game lasted 01:41:27 (60814 turns).

Johnny the Metallomancer (DgEE)                    Turns: 60814, Time: 01:41:27

Health: -10/176    AC: 16    Str: 14    XL:     23   Next: 66%
Magic:  2/54       EV: 12    Int: 45    God:
Gold:   4217       SH: 16    Dex: 16    Spells: 32/62 levels left

rFire    + + +     SeeInvis +   F - +4 dagger "Morg" {pain, MR+ Int+5}
rCold    + . .     Gourm    .   C - +2 kite shield
rNeg     + + +     Faith    .   x - +4 troll leather armour
rPois    +         Spirit   .   R - +2 helmet {Int+3}
rElec    .         Reflect  .   u - +0 cloak {rPois}
rCorr    +         Harm     .   l - +0 pair of gloves {Str+3}
MR       ++...                  O - +2 pair of boots of the Skies Above {rN++ SInv}
Stlth    ++........             L - amulet of magic regeneration
HPRegen  0.79/turn              A - ring "Uneij" {rN+ rCorr Int+4}
MPRegen  0.59/turn              K - ring "Loraav" {rPois rF+++ rC+ MR-}

@: no status effects
A: frail 1, high mp 1, no potion heal 1
}: 2/15 runes: decaying, serpentine
a: no special abilities


You were on level 4 of the Vaults.
You were full.

You visited 8 branches of the dungeon, and saw 38 of its levels.
You visited the Abyss 2 times.
You also visited: Sewer, Bailey, Gauntlet, Ice Cave and Wizlab.

You collected 9303 gold pieces.
You spent 5086 gold pieces at shops.

Inventory:

Hand Weapons
 F - the +4 dagger "Morg" (weapon) {pain, MR+ Int+5}
   (You bought it in a shop on level 11 of the Dungeon)

   In the hands of one skilled in necromantic magic, it inflicts extra damage on
   living creatures.
   It affects your intelligence (+5).
   It affects your resistance to hostile enchantments.
Missiles
 b - 435 stones (quivered)
Armour
 l - a +0 pair of gloves of strength (worn)
 u - a +0 cloak of poison resistance (worn)
 x - a +4 troll leather armour (worn)
 C - a +2 kite shield (worn)
 O - the +2 pair of boots of the Skies Above (worn) {rN++ SInv}
   (You found it in a Gauntlet)

   It greatly protects you from negative energy.
   It lets you see invisible.
 R - a +2 helmet of intelligence (worn)
 Y - the +3 scale mail "Gamokous" {rElec rN++ MP+9 Dex-4}
   (You bought it in a shop on level 2 of the Snake Pit)

   It affects your dexterity (-4).
   It insulates you from electricity.
   It greatly protects you from negative energy.
   It affects your magic capacity (+9).
Magical Staves
 M - an uncursed staff of wizardry
Jewellery
 j - the ring of Poiwkuf {AC+4 Int+4}
   (You took it off a deep elf elementalist on level 3 of the Elven Halls)

   [ring of protection]

   It affects your AC (+4).
   It affects your intelligence (+4).
 r - the amulet of the Air {Inacc +Fly rElec EV+5 RMsl}
   (You bought it in a shop on level 7 of the Dungeon)

   [amulet of inaccuracy]

   It reduces the accuracy of all your attacks.
   It affects your evasion (+5).
   It insulates you from electricity.
   It lets you fly.
   It protects you from missiles.
 A - the ring "Uneij" (left hand) {rN+ rCorr Int+4}
   (You took it off a deep elf high priest on level 3 of the Elven Halls)

   [ring of resist corrosion]

   It affects your intelligence (+4).
   It protects you from negative energy.
   It provides partial protection from all sources of acid and corrosion.
 K - the ring "Loraav" (right hand) {rPois rF+++ rC+ MR-}
   (You bought it in a shop on level 7 of the Dungeon)

   [ring of poison resistance]

   It renders you almost immune to fire.
   It protects you from cold.
   It protects you from poison.
   It affects your resistance to hostile enchantments.
 L - an amulet of magic regeneration (around neck)
 W - the ring of Datous {rElec rN+++ Str-2 Dex+6}
   (You took it off a deep elf annihilator on level 3 of the Elven Halls)

   [ring of dexterity]

   It affects your strength (-2).
   It affects your dexterity (+6).
   It insulates you from electricity.
   It renders you almost immune to negative energy.
Wands
 m - a wand of digging (6)
 V - a wand of clouds (3)
Scrolls
 a - 22 scrolls of remove curse
 c - 11 scrolls of teleportation
 e - 7 scrolls of immolation
 g - 3 scrolls of vulnerability
 i - 7 scrolls of enchant armour
 n - 2 scrolls of torment
 o - 5 scrolls of fear
 y - 5 scrolls of identify
 B - 2 scrolls of noise
 G - 7 scrolls of magic mapping
 H - 3 scrolls of blinking
 I - 16 scrolls of fog
 J - a scroll of silence
 N - 2 scrolls of summoning
 U - 4 scrolls of holy word
Potions
 f - 6 potions of haste
 h - 3 potions of heal wounds
 k - 9 potions of brilliance
 q - 3 potions of invisibility
 t - a potion of berserk rage
 v - 15 potions of curing
 w - 6 potions of might
 z - 8 potions of flight
 D - 6 potions of lignification
 P - 4 potions of stabbing
 Q - 2 potions of ambrosia
 S - 3 potions of cancellation
 X - 3 potions of resistance
Miscellaneous
 p - a lightning rod (4/4)
 T - a phantom mirror
Comestibles
 d - 25 rations


   Skills:
 - Level 14.6 Fighting
 - Level 1.7 Dodging
 - Level 1.7 Stealth
 - Level 16.0 Shields
 + Level 20.3 Spellcasting
 - Level 0.8 Transmutations
 - Level 24.7 Earth Magic


You had 32 spell levels left.
You knew the following spells:

 Your Spells              Type           Power        Failure   Level  Hunger
a - Sandblast             Erth           ######       0%          1    None
b - Stone Arrow           Conj/Erth      ######       0%          3    None
c - Lee's Rapid Deconstr  Erth           ########..   0%          5    None
d - Petrify               Tmut/Erth      ########     1%          4    None
e - Blink                 Tloc           N/A          1%          2    None
f - Iron Shot             Conj/Erth      ########..   1%          6    None
g - Shatter               Erth           ########..   2%          9    ###....

Your spell library contained the following spells:

 Spells                   Type           Power        Failure   Level  Hunger
 Passwall                 Tmut/Erth      ########     0%          2    None
 Animate Skeleton         Necr           N/A          1%          1    None
 Apportation              Tloc           #####.       1%          1    None
 Corona                   Hex            #####..      1%          1    None
 Freeze                   Ice            ####         1%          1    None
 Magic Dart               Conj           ####         1%          1    None
 Pain                     Necr           ####         1%          1    None
 Sting                    Tmut/Pois      ####         1%          1    None
 Summon Butterflies       Summ           #####...     1%          1    None
 Summon Small Mammal      Summ           ####         1%          1    None
 Call Imp                 Summ           #####...     1%          2    None
 Slow                     Hex            #####...     1%          2    None
 Call Canine Familiar     Summ           #####...     1%          3    None
 Conjure Flame            Conj/Fire      #####...     1%          3    None
 Frozen Ramparts          Ice            #####.       1%          3    None
 Ignite Poison            Fire/Tmut/Pois #####...     1%          3    None
 Lesser Beckoning         Tloc           #####.....   1%          3    None
 Mephitic Cloud           Conj/Pois/Air  #####...     1%          3    None
 Ozocubu's Armour         Chrm/Ice       #####...     1%          3    None
 Summon Guardian Golem    Hex/Summ       #####...     1%          3    None
 Tukima's Dance           Hex            #####...     1%          3    None
 Vampiric Draining        Necr           #####.....   1%          3    None
 Leda's Liquefaction      Hex/Erth       ########..   1%          4    None
 Bolt of Magma            Conj/Fire/Erth #######...   1%          5    None
 Statue Form              Tmut/Erth      ########.    1%          6    None
 Animate Dead             Necr           N/A          5%          4    None
 Hailstorm                Conj/Ice       #####...     5%          4    None
 Summon Ice Beast         Ice/Summ       #####...     5%          4    None
 Summon Lightning Spire   Summ/Air       #####...     5%          4    None
 Blade Hands              Tmut           ######....   11%         5    None
 Alistair's Intoxication  Tmut/Pois      #####...     13%         5    None
 Agony                    Necr           #####...     16%         5    None
 Invisibility             Hex            #####...     63%         6    None


Dungeon Overview and Level Annotations

Branches:
Dungeon (13/15)            Temple (1/1) D:7            Lair (6/6) D:10
  Swamp (4/4) Lair:3        Snake (4/4) Lair:3        Slime (0/5) Lair:6
    Orc (2/2) D:10            Elf (3/3) Orc:2        Vaults (5/5) D:13
  Crypt (0/3) Vaults:2      Sewer (visited)          Bailey (visited)
  IceCv (visited)          WizLab (visited)         Gauntlet (visited)

Shops:
D:4 ?   D:5 *   D:6 %   D:7 =   D:11 (   Orc:1 :   Orc:2 !(!?   Elf:1 %
Snake:1 =}=   Snake:2 [[   Snake:3 =   Vaults:1 =

Annotations:
Snake:1 3 runed translucent doors, patan's ghost, journeyman TrFi


Innate Abilities, Weirdness & Mutations

You have an increased reservoir of magic. (+10% MP)
You are frail. (-10% HP)
Potions are less effective at restoring your health.


Message History

Press: ? - help, Shift-Dir - straight line, f/p - quicksilver dragon
Aim: a quicksilver dragon (poison gas, almost dead, extremely poisoned, catching its breath)
The blast of sand misses the quicksilver dragon.
b - 435 stones The quicksilver dragon looks as sick as possible!
The quicksilver dragon bites you.
* * * LOW HITPOINT WARNING * * *
The quicksilver dragon claws you.
* * * LOW HITPOINT WARNING * * *
The quicksilver dragon is engulfed in poison gas.
The quicksilver dragon looks as sick as possible!
The quicksilver dragon barely misses you.
The quicksilver dragon claws you but does no damage.
Your system partially rejects the healing.
You feel much better.
The quicksilver dragon is engulfed in poison gas.
The quicksilver dragon looks as sick as possible!
The quicksilver dragon breathes dispelling energy at you.
The bolt of dispelling energy hits you!!
You die...

######### ## #.......# #.
########.......# ##. ########
#......#.......# #.# #......#
#§§§§..'.......# ##. #......#
#.§§§..#.......####. #......#
#.§§§..#.......##..<
####......#
#..D...##########.#.
##.##......# #..@...#
#......#### #...#......#
###'######......#
##..'......# #...# #.#......#
#..##########...#####.......#
##..# #.......# ##......#
##..# #.......# ##......#
....# #.......# #..<....#
...## ###...### ##..(...##
...# #...# #..(....##


You could see a quicksilver dragon (extremely poisoned, catching breath).

Vanquished Creatures
  2 ancient liches (Vaults:5)
  the Lernaean hydra (Swamp:4)
  A golden dragon (Vaults:5)
  2 tentacled monstrosities (Vaults:5)
  Rupert (D:13)
  2 Ice Fiends
  3 quicksilver dragons (Vaults:4)
  4 deep elf blademasters (Elf:3)
  2 liches (Vaults:4)
  3 titans (Vaults:5)
  3 deep elf master archers (Elf:3)
  A sphinx (Vaults:4)
  2 tentacled starspawn (Abyss:2)
  4 thorn hunters
  A revenant (Abyss:2)
  5 tengu reavers
  Frances (D:13)
  2 storm dragons (Vaults:4)
  A shadow dragon (Vaults:4)
  14 nagarajas
  2 fire giants
  Roxanne (Elf:1)
  21 vault wardens
  5 frost giants
  11 deep elf sorcerers
  2 orc warlords
  An iron dragon (Vaults:5)
  25 ironheart preservers
  6 deep elf elementalists
  A very ugly thing (Vaults:5)
  15 stone giants
  Nessos (D:12)
  2 entropy weavers
  10 deep elf annihilators
  A minotaur (Gauntlet)
  3 lorocyprocas
  6 deep elf demonologists
  5 ettins
  Snorg (Lair:5)
  9 deep elf death magi
  A crystal guardian (Vaults:4)
  2 blizzard demons (WizLab)
  6 deep elf high priests
  6 great orbs of eyes
  14 yaktaur captains
  A fire dragon (Vaults:2)
  19 naga warriors
  3 ice dragons
  20 hydras
  2 rakshasas
  2 ghost crabs
  34 vault guards
  A quicksilver dragon skeleton (Abyss:2)
  4 centaur warriors
  A catoblepas (Lair:6)
  2 death knights
  2 shambling mangroves
  25 dancing weapons
  43 two-headed ogres
  8 anacondas
  A tengu warrior (Gauntlet)
  A deep troll earth mage (Vaults:3)
  11 alligators
  3 deep troll shamans
  A death scarab (Gauntlet)
  13 ogre magi
  9 shock serpents
  A soul eater (WizLab)
  2 thrashing horrors (Abyss:2)
  26 deep elf knights
  15 death yaks
  9 naga sharpshooters
  3 wretched stars (Abyss:2)
  A titan skeleton (Vaults:5)
  16 deep trolls
  3 salamander mystics (Snake:3)
  2 shadow wraiths
  3 spriggan druids
  2 unseen horrors (Vaults:1)
  2 skeletal warriors
  4 glowing orange brains
  The ghost of Drachen the Destroyer, a novice DgFE (D:9)
  3 large abominations (Abyss:2)
  10 naga ritualists
  A glowing orange brain (shapeshifter) (Vaults:2)
  3 flayed ghosts
  21 deep elf archers
  11 swamp dragons
  A harpy (shapeshifter) (Vaults:4)
  2 phantasmal warriors
  5 necromancers
  15 mana vipers
  A harpy (Vaults:5)
  85 deep elf magi
  2 lindwurms
  A sphinx zombie (Vaults:1)
  18 ironbrand convokers
  6 orc knights
  2 orc sorcerers
  A frost giant zombie (Vaults:1)
  18 ugly things
  20 salamanders
  6 wolf spiders
  A salamander (shapeshifter) (Vaults:2)
  2 manticores
  12 cyclopes
  16 elephants
  6 oklob plants
  2 centaur zombies
  A human skeleton (Vaults:3)
  Maurice (Orc:1)
  18 vault sentinels
  A frost giant skeleton (Vaults:5)
  An apocalypse crab (Abyss:2)
  21 naga magi
  5 smoke demons
  A yaktaur zombie (Vaults:5)
  An ice statue (IceCv)
  2 gargoyles (D:13)
  20 guardian serpents
  22 spiny frogs
  36 black mambas
  Psyche (D:9)
  3 centaur skeletons (D:13)
  An eye of devastation (shapeshifter) (Vaults:2)
  3 human zombies
  An orange demon (Abyss:2)
  A torpor snail (Lair:3)
  34 yaktaurs
  A rime drake (Lair:4)
  A kobold demonologist (D:11)
  3 tengu conjurers
  16 freezing wraiths
  A golden dragon simulacrum (IceCv)
  7 komodo dragons
  3 anaconda simulacra (IceCv)
  9 ice devils
  2 tormentors (WizLab)
  3 meliai (Gauntlet)
  2 jumping spiders (shapeshifter)
  An ancient zyme (Abyss:2)
  2 polar bears
  12 trolls
  8 tyrant leeches
  A wolf spider simulacrum (IceCv)
  17 hornets
  31 blink frogs
  13 bog bodies
  Prince Ribbit (D:8)
  A harpy skeleton (D:13)
  35 slime creatures
  9 hippogriffs
  A blink frog (shapeshifter) (Vaults:4)
  A snapping turtle (shapeshifter) (Vaults:5)
  An ettin skeleton (Vaults:1)
  A shadow (D:12)
  3 redbacks
  4 water elementals
  A wyvern (D:12)
  8 spriggans
  6 air elementals
  2 wraiths
  59 yaks
  Sigmund (D:4)
  A basilisk (shapeshifter) (Vaults:5)
  3 ynoxinuls
  4 fire elementals
  A human (shapeshifter) (Vaults:4)
  2 dire elephant simulacra (IceCv)
  A golden eye (shapeshifter) (Vaults:1)
  12 vampire mosquitoes
  3 neqoxecs (WizLab)
  A spectral fire crab (Gauntlet)
  A hog (shapeshifter) (Vaults:3)
  A steam dragon (shapeshifter) (Vaults:4)
  A hungry ghost (D:7)
  2 chaos spawn (Abyss:2)
  2 basilisks
  5 iron troll simulacra (IceCv)
  An elf skeleton (Vaults:5)
  2 harpy simulacra (IceCv)
  3 human simulacra (Vaults:1)
  A yaktaur simulacrum (Vaults:3)
  11 swamp worms
  10 wargs
  An elf zombie (Vaults:1)
  47 nagas
  16 insubstantial wisps
  A soldier ant (D:11)
  8 water moccasins
  4 ice beasts
  4 hydra simulacra (IceCv)
  6 porcupines
  22 orc warriors
  4 black bears
  17 swamp drakes
  A phantom (D:11)
  An eye of draining (shapeshifter) (Vaults:4)
  2 sky beasts
  2 ettin simulacra (IceCv)
  A necrophage (D:7)
  10 boggarts
  15 wolves
  47 ogres
  10 centaurs
  17 crocodiles
  3 small abominations (Abyss:2)
  A big kobold (D:11)
  14 bullfrogs
  A wyvern zombie (D:8)
  2 yaktaur skeletons
  4 earth elementals
  3 wyvern skeletons
  4 scorpions
  8 killer bees
  13 wights
  5 howler monkeys
  3 crimson imps
  A hound (shapeshifter) (Vaults:3)
  A quasit (Abyss:2)
  5 hounds
  3 jellies
  16 orc priests
  A bullfrog skeleton (D:12)
  Jessica (D:2)
  6 hell rats (Lair:4)
  2 iguanas
  21 orc wizards
  A merfolk siren (Sewer)
  3 spriggan simulacra (IceCv)
  12 worker ants
  Natasha (thrice) (D:3)
  Terence (D:2)
  3 troll simulacra (IceCv)
  A polar bear simulacrum (IceCv)
  A merfolk avatar (Sewer)
  A wolf simulacrum (IceCv)
  A centaur simulacrum (IceCv)
  A hound skeleton (D:6)
  2 worker ant zombies
  5 naga simulacra (IceCv)
  3 ogre simulacra
  9 adders
  3 gnolls (Bailey)
  A river rat (D:6)
  6 shadow imps
  8 white imps (IceCv)
  4 ufetubi (IceCv)
  7 oozes
  3 adder zombies
  2 worms
  2 adder skeletons
  5 dart slugs
  7 leopard geckos
  72 orcs
  A giant cockroach (shapeshifter) (Vaults:3)
  7 giant cockroaches
  11 goblins
  13 hobgoblins
  11 jackals
  6 quokkas
  4 ball pythons
  5 bats
  16 frilled lizards
  A jackal skeleton (D:5)
  24 kobolds
  A leopard gecko skeleton (D:7)
  A quokka zombie (D:5)
  33 rats
  45 briar patches
  5 crawling corpses
  7 fungi
  A lurking horror (Abyss:2)
  4 plants
  A starspawn tentacle (Abyss:2)
2006 creatures vanquished.

Vanquished Creatures (others)
  A mana viper (Snake:3)
  3 blink frogs (Lair:6)
  A crocodile (Lair:6)
  A butterfly (Swamp:1)
  5 fungi
  43 plants
  8 starspawn tentacles (Abyss:2)
62 creatures vanquished.

Grand Total: 2068 creatures vanquished

Notes
Turn   | Place    | Note
-------+----------+-------------------------------------------
     0 | D:1      | Johnny the Demigod Earth Elementalist began the quest for
                  | the Orb.
     0 | D:1      | Reached XP level 1. HP: 14/14 MP: 5/5
   360 | D:1      | Reached skill level 3 in Earth Magic
   613 | D:1      | Reached XP level 2. HP: 8/20 MP: 2/7
  1745 | D:1      | Reached XP level 3. HP: 26/26 MP: 9/9
  1882 | D:2      | Noticed Jessica
  1885 | D:2      | Killed Jessica
  1891 | D:2      | Found a faded altar of an unknown god.
  1957 | D:2      | Reached skill level 4 in Earth Magic
  2023 | D:2      | Noticed Terence
  2031 | D:2      | Killed Terence
  2031 | D:2      | Reached XP level 4. HP: 33/33 MP: 5/10
  2585 | D:2      | Found a shimmering altar of Xom.
  2587 | D:2      | Found a sacrificial altar of Ru.
  2587 | D:2      | Found a burning altar of Makhleb.
  2589 | D:2      | Found a burning altar of Makhleb.
  2589 | D:2      | Found a shattered altar of Ashenzari.
  2589 | D:2      | Found a burning altar of Makhleb.
  3034 | D:3      | Reached XP level 5. HP: 33/38 MP: 12/12
  3181 | D:3      | Noticed Natasha
  3227 | D:4      | Reached skill level 5 in Earth Magic
  3533 | D:4      | Found Rennom's Magic Scroll Shop.
  3712 | D:4      | Reached XP level 6. HP: 43/45 MP: 8/14
  4039 | D:4      | Noticed Sigmund
  4043 | D:4      | Killed Sigmund
  4043 | D:4      | Reached skill level 6 in Earth Magic
  4327 | D:3      | Found a burning altar of Makhleb.
  4463 | D:3      | Killed Natasha
  4512 | D:3      | Noticed Natasha
  4516 | D:3      | Killed Natasha
  4516 | D:3      | Reached XP level 7. HP: 49/50 MP: 16/16
  4570 | D:3      | Noticed Natasha
  4580 | D:3      | Killed Natasha
  4887 | D:5      | Entered Level 5 of the Dungeon
  4979 | D:5      | Reached skill level 7 in Earth Magic
  5359 | D:5      | Found Napn's Assorted Antiques.
  5531 | D:5      | Found an ancient bone altar of Kikubaaqudgha.
  5539 | D:5      | Found a snail-covered altar of Cheibriados.
  5746 | D:5      | Found a hide-covered altar of Uskayaw.
  5886 | D:5      | Reached skill level 5 in Spellcasting
  5886 | D:5      | Reached XP level 8. HP: 50/57 MP: 17/19
  6458 | D:6      | Found a glowing drain.
  6461 | D:6      | Reached skill level 8 in Earth Magic
  6482 | Sewer    | Entered a sewer
  7467 | D:6      | Reached skill level 9 in Earth Magic
  7565 | D:6      | Found Fuxiqairr's Food Emporium.
  7639 | D:6      | Found a shimmering blue altar of Sif Muna.
  8210 | D:7      | Found a staircase to the Ecumenical Temple.
  8277 | D:7      | Found Bizuob's Jewellery Emporium.
  8288 | D:7      | Learned a level 3 spell: Stone Arrow
  8294 | D:7      | Learned a level 5 spell: Lee's Rapid Deconstruction
  8299 | D:7      | Learned a level 4 spell: Petrify
  8522 | Temple   | Entered the Ecumenical Temple
  8877 | D:8      | Reached XP level 9. HP: 24/62 MP: 17/22
  8940 | D:8      | Identified a scroll of acquirement
  8942 | D:8      | Noticed Prince Ribbit
  8946 | D:8      | Killed Prince Ribbit
  8947 | D:8      | Acquired 4880 gold pieces
  9055 | D:7      | Bought the amulet of the Air {Inacc +Fly rElec EV+5 RMsl}
                  | for 618 gold pieces
  9055 | D:7      | Found the amulet of the Air {Inacc +Fly rElec EV+5 RMsl}
  9055 | D:7      | Bought the ring "Loraav" {rPois rF+++ rC+ MR-} for 842 gold
                  | pieces
  9055 | D:7      | Bought a +4 ring of protection for 468 gold pieces
  9200 | D:8      | Reached skill level 10 in Earth Magic
  9362 | D:8      | Found an iron altar of Okawaru.
  9841 | D:9      | Noticed Drachen's ghost (novice DgFE)
  9905 | D:9      | Found a runed translucent gate.
  9906 | D:9      | Found a runed translucent gate.
  9907 | D:9      | Found a runed translucent gate.
  9908 | D:9      | Found a roughly hewn altar of Beogh.
 10544 | D:9      | Reached skill level 11 in Earth Magic
 10638 | D:9      | Noticed Psyche
 10649 | D:9      | Killed Psyche
 10693 | D:9      | Noticed a manticore
 10704 | D:9      | Killed a manticore
 11047 | D:9      | Killed Drachen's ghost
 11047 | D:9      | Reached XP level 10. HP: 38/69 MP: 7/25
 11489 | D:10     | Entered Level 10 of the Dungeon
 11614 | D:10     | Reached skill level 12 in Earth Magic
 11729 | D:10     | Found a staircase to the Lair.
 12040 | D:10     | Found a staircase to the Orcish Mines.
 12563 | D:11     | Found Taghotir's Weapon Shoppe.
 12573 | D:11     | Found a gate leading to a gauntlet.
 12577 | Gauntlet | Entered a Gauntlet
 12577 | Gauntlet | Found a transporter.
 12577 | Gauntlet | Noticed a tengu warrior
 12599 | Gauntlet | Found a runed translucent door.
 12603 | Gauntlet | Found a transporter.
 12605 | Gauntlet | Noticed a death scarab
 12613 | Gauntlet | Found a transporter.
 12616 | Gauntlet | Noticed an elephant
 12621 | Gauntlet | Found a transporter.
 12624 | Gauntlet | Found a transporter.
 12635 | Gauntlet | Noticed a dire elephant
 12642 | Gauntlet | Found a transporter.
 12652 | Gauntlet | Found a transporter.
 12656 | Gauntlet | Noticed a minotaur
 12659 | Gauntlet | Noticed a hell hog
 12661 | Gauntlet | Noticed a glowing orange brain
 12662 | Gauntlet | Found a transporter.
 12669 | Gauntlet | Noticed a red ugly thing
 12673 | Gauntlet | Noticed a glowing orange brain
 12681 | Gauntlet | Found a transporter.
 12686 | Gauntlet | Found a transporter.
 12694 | Gauntlet | Found a transporter.
 12701 | Gauntlet | Identified the cursed +1 fustibalus of Coipsy {vorpal, rC+
                  | rN+ Str-2 Dex+3}
 12703 | Gauntlet | Found a transporter.
 12741 | Gauntlet | Found a transporter.
 12756 | Gauntlet | Found a transporter.
 12757 | Gauntlet | Noticed a death ooze
 12849 | Gauntlet | Killed a tengu warrior
 12942 | Gauntlet | Killed a death scarab
 12952 | Gauntlet | Got an ancient hat
 12965 | Gauntlet | Identified the cursed +0 hat "Coapt" {*Contam +Fly MR+
                  | Str+3} (You found it in a Gauntlet)
 13109 | Gauntlet | Got a pair of brightly glowing boots
 13119 | Gauntlet | Identified the +2 pair of boots of the Skies Above {rN++
                  | SInv} (You found it in a Gauntlet)
 13135 | Gauntlet | Killed a minotaur
 13135 | Gauntlet | Reached skill level 1 in Shields
 13135 | Gauntlet | Reached skill level 13 in Earth Magic
 13135 | Gauntlet | Reached XP level 11. HP: 46/74 MP: 0/28
 13273 | Gauntlet | Identified Sif Muna's Almanac of Shifting Clay
 13274 | Gauntlet | Got a brightly glowing jade ring
 13289 | Gauntlet | Got a smoking mace
 13291 | Gauntlet | Identified the cursed +2 mace of Olatas {flame, Dex+6} (You
                  | found it in a Gauntlet)
 13333 | D:11     | Bought the +4 dagger "Morg" {pain, MR+ Int+5} for 577 gold
                  | pieces
 13333 | D:11     | Found the +4 dagger "Morg" {pain, MR+ Int+5}
 13344 | D:11     | Noticed a two-headed ogre
 13348 | D:11     | Noticed a death knight
 13350 | D:11     | Killed a two-headed ogre
 14062 | D:11     | Killed a death knight
 14540 | D:11     | You fall into a shaft and drop 1 floor!
 14794 | D:12     | Noticed a death knight
 14806 | D:12     | Noticed a phantasmal warrior
 15033 | Orc:1    | Entered Level 1 of the Orcish Mines
 15033 | Orc:1    | Noticed Maurice
 15039 | Orc:1    | Found Unikhlaji's Book Boutique.
 15047 | Orc:1    | Killed Maurice
 15047 | Orc:1    | Reached skill level 14 in Earth Magic
 15052 | Orc:1    | Found a flagged portal.
 15067 | Bailey   | Entered a bailey
 15093 | Bailey   | Noticed an orc warlord
 15541 | Bailey   | Found a runed translucent gate.
 15542 | Bailey   | Found a runed translucent gate.
 15543 | Bailey   | Found a runed translucent gate.
 15678 | Bailey   | Killed an orc warlord
 15839 | Orc:1    | Bought a manual of Fighting for 1435 gold pieces
 15931 | Orc:1    | Identified the ring of Zofualer {*Contam *Corrode MR++
                  | Str+9 Dex+6} (You found it in a Gauntlet)
 15982 | Orc:1    | Noticed an orc knight
 15997 | Orc:1    | Killed an orc knight
 16462 | Orc:2    | Entered Level 2 of the Orcish Mines
 16586 | Orc:2    | Reached skill level 1 in Fighting
 16588 | Orc:2    | Reached XP level 12. HP: 57/83 MP: 11/30
 16682 | Orc:2    | Found a staircase to the Elven Halls.
 16732 | Orc:2    | Reached skill level 5 in Shields
 16896 | Orc:2    | Noticed an orc warlord
 17199 | Orc:1    | Reached skill level 5 in Fighting
 18044 | Orc:2    | Found Ynilialu's Distillery.
 18289 | Orc:1    | Killed an orc warlord
 18494 | Orc:2    | Noticed an ogre mage
 18500 | Orc:2    | Killed an ogre mage
 18625 | Orc:2    | Found Kigh's Distillery.
 18627 | Orc:2    | Found Neiqan's Magic Scroll Shop.
 18741 | Orc:2    | Bought a potion of lignification for 42 gold pieces
 18741 | Orc:2    | Bought a potion of ambrosia for 112 gold pieces
 18741 | Orc:2    | Bought a potion of heal wounds for 70 gold pieces
 18741 | Orc:2    | Bought a potion of heal wounds for 70 gold pieces
 18741 | Orc:2    | Bought a potion of flight for 42 gold pieces
 18750 | Orc:2    | Found Dorasokh's Weapon Emporium.
 18753 | Orc:2    | Bought a scroll of enchant armour for 90 gold pieces
 18753 | Orc:2    | Bought a scroll of teleportation for 36 gold pieces
 18753 | Orc:2    | Bought 3 scrolls of blinking for 270 gold pieces
 18753 | Orc:2    | Bought a scroll of identify for 24 gold pieces
 18753 | Orc:2    | Bought a scroll of immolation for 42 gold pieces
 18753 | Orc:2    | Bought a scroll of identify for 24 gold pieces
 18753 | Orc:2    | Bought a scroll of identify for 24 gold pieces
 18753 | Orc:2    | Bought a scroll of magic mapping for 42 gold pieces
 18753 | Orc:2    | Bought a scroll of identify for 24 gold pieces
 18753 | Orc:2    | Bought a scroll of teleportation for 36 gold pieces
 18762 | Orc:2    | Reached XP level 13. HP: 116/116 MP: 31/31
 18763 | Orc:2    | Reached skill level 10 in Spellcasting
 18763 | Orc:2    | Reached XP level 14. HP: 124/124 MP: 31/33
 18764 | Orc:2    | Reached XP level 15. HP: 130/130 MP: 31/34
 19498 | Lair:1   | Entered Level 1 of the Lair of Beasts
 19991 | Lair:1   | Reached XP level 16. HP: 130/139 MP: 20/35
 23156 | Lair:3   | Found a staircase to the Snake Pit.
 24076 | Lair:3   | Learned a level 2 spell: Blink
 24173 | Lair:3   | Found a staircase to the Swamp.
 24929 | Lair:4   | Found a shimmering altar of Xom.
 26169 | Lair:5   | Noticed Snorg
 26175 | Lair:5   | Killed Snorg
 27141 | Lair:6   | Entered Level 6 of the Lair of Beasts
 27141 | Lair:6   | Found a radiant altar of Vehumet.
 27463 | Lair:6   | Found a staircase to the Slime Pits.
 28975 | Lair:6   | Got an ancient flail
 29187 | Elf:1    | Entered Level 1 of the Elven Halls
 29265 | Elf:1    | Reached XP level 17. HP: 142/154 MP: 3/36
 29491 | Elf:1    | Reached skill level 15 in Earth Magic
 29826 | Elf:1    | Noticed Roxanne
 29837 | Elf:1    | Killed Roxanne
 30035 | Elf:1    | Learned a level 6 spell: Iron Shot
 30061 | Elf:1    | Identified the +6 flail of Disharmony {freeze, rF- Str+8
                  | Dex-3 Stlth+} (You found it on level 6 of the Lair of
                  | Beasts)
 30067 | Elf:1    | Acquired the ring "Qang" {+Fly rN+ Int+5}
 30141 | Elf:1    | Found Ziustits's Food Shoppe.
 30878 | Elf:1    | You fall into a shaft and drop 1 floor!
 31272 | Elf:2    | Found a runed translucent gate.
 31272 | Elf:2    | Found a runed translucent gate.
 31273 | Elf:2    | Found a runed translucent gate.
 31726 | Elf:2    | Reached skill level 16 in Earth Magic
 32573 | Elf:2    | Reached skill level 15 in Shields
 32887 | Elf:2    | Found the +3 salamander hide armour {+Rage rF++}
 33390 | Elf:3    | Entered Level 3 of the Elven Halls
 33477 | Elf:3    | Found a magical portal.
 33486 | WizLab   | Entered Doroklohe's Tomb
 33741 | WizLab   | Noticed an Ice Fiend
 33768 | WizLab   | Killed an Ice Fiend
 33860 | WizLab   | Gained mutation: You are frail. (-10% HP) [a neqoxec]
 33921 | WizLab   | HP: 5/138 [smoke demon/divine providence (13)]
 34042 | WizLab   | Acquired the +2 hat of Dawn {rElec Str+4}
 34235 | Elf:3    | Reached XP level 18. HP: 104/144 MP: 10/39
 34350 | Elf:3    | Reached skill level 17 in Earth Magic
 34538 | Elf:3    | Identified the ring of Datous {rElec rN+++ Str-2 Dex+6}
 35394 | Elf:3    | Identified the ring "Uneij" {rN+ rCorr Int+4}
 35462 | Elf:3    | Identified the cursed +1 robe of Cuisse {Dex+2}
 35708 | Elf:3    | Identified the cursed +1 scale mail "Uvoohed" {rF+ Dex+2}
 35797 | Elf:3    | Cast into level 2 of the Abyss (a deep elf demonologist)
 36058 | Elf:3    | Escaped the Abyss
 36061 | Elf:3    | Identified the +5 scale mail "Eqakk" {rC+ Str+3}
 36177 | Elf:3    | Reached skill level 18 in Earth Magic
 36204 | Elf:3    | Identified the +1 plate armour of Oskuroik {rC++}
 36208 | Elf:3    | Identified the ring of Poiwkuf {AC+4 Int+4}
 36293 | Elf:3    | Identified the cursed +1 falchion of Xasezi Zegops {venom,
                  | rN+}
 36590 | Elf:3    | Learned a level 9 spell: Shatter
 37191 | Snake:1  | Entered Level 1 of the Snake Pit
 37755 | Snake:1  | Got an ichor-stained scale mail
 37843 | Snake:1  | Found a runed translucent gate.
 37845 | Snake:1  | Found a runed translucent gate.
 37849 | Snake:1  | Noticed patan's ghost (journeyman TrFi)
 37862 | Snake:1  | Found a runed translucent gate.
 38200 | Snake:1  | Found Meot Riuwuo's Jewellery Shop.
 38201 | Snake:1  | Found Beclugg's Gadget Emporium.
 38202 | Snake:1  | Found Hyixt's Jewellery Shop.
 38799 | Snake:2  | Reached XP level 19. HP: 138/151 MP: 6/41
 39181 | Snake:2  | Found Xotax's Armour Shoppe.
 39185 | Snake:2  | Found Buan's Antique Armour Shoppe.
 39235 | Snake:2  | Bought a warped scale mail for 198 gold pieces
 40034 | Snake:3  | Found Pomeq's Jewellery Shoppe.
 40350 | Snake:3  | Reached skill level 19 in Earth Magic
 41492 | Snake:4  | Entered Level 4 of the Snake Pit
 42269 | Snake:4  | Reached skill level 20 in Earth Magic
 42442 | Snake:4  | Identified the +0 scale mail of Bikydaoq {Dex+2} (You found
                  | it on level 1 of the Snake Pit)
 42443 | Snake:4  | Identified the +3 scale mail "Gamokous" {rElec rN++ MP+9
                  | Dex-4} (You bought it in a shop on level 2 of the Snake
                  | Pit)
 43445 | Snake:4  | Got a serpentine rune of Zot
 43857 | Swamp:1  | Entered Level 1 of the Swamp
 44061 | Swamp:1  | Reached XP level 20. HP: 154/158 MP: 4/44
 44566 | Swamp:1  | Got a heavily runed buckler
 44567 | Swamp:1  | Identified the cursed +0 buckler of Gestures {rCorr} (You
                  | found it on level 1 of the Swamp)
 45008 | Swamp:2  | Found a frozen archway.
 45014 | IceCv    | Entered an ice cave
 46863 | Swamp:2  | Reached skill level 21 in Earth Magic
 48204 | Swamp:3  | Found a bloodstained altar of Trog.
 48248 | Swamp:4  | Entered Level 4 of the Swamp
 48254 | Swamp:4  | Reached skill level 15 in Spellcasting
 49247 | Swamp:4  | Noticed the 27-headed Lernaean hydra
 49252 | Swamp:4  | Killed the 27-headed Lernaean hydra
 49720 | Swamp:4  | Got a decaying rune of Zot
 50287 | D:12     | Noticed Nessos
 50289 | D:12     | Killed Nessos
 50846 | D:13     | Noticed Frances
 50850 | D:13     | Killed Frances
 50889 | D:13     | Noticed Rupert
 50893 | D:13     | Killed Rupert
 51604 | D:13     | Found a gate to the Vaults.
 51633 | D:13     | Reached skill level 22 in Earth Magic
 51638 | Vaults:1 | Entered Level 1 of the Vaults
 51679 | Vaults:1 | Found Ozxaus Vae's Jewellery Shoppe.
 52109 | Vaults:2 | Reached XP level 21. HP: 124/163 MP: 8/46
 53331 | Vaults:2 | Cast into level 2 of the Abyss (a deep elf sorcerer)
 53404 | Abyss:2  | Found a corrupted altar of Lugonu.
 53553 | Abyss:2  | Gained mutation: Potions are less effective at restoring
                  | your health. [a neqoxec]
 53645 | Vaults:2 | Escaped the Abyss
 54006 | Vaults:2 | Reached skill level 23 in Earth Magic
 54949 | Vaults:2 | Found a staircase to the Crypt.
 56361 | Vaults:3 | Reached XP level 22. HP: 171/171 MP: 31/49
 56579 | Vaults:3 | Reached skill level 24 in Earth Magic
 56824 | Vaults:3 | You fall into a shaft and drop 1 floor!
 59852 | Vaults:5 | Entered Level 5 of the Vaults
 59858 | Vaults:5 | Reached XP level 23. HP: 145/176 MP: 26/52
 60090 | Vaults:5 | Noticed an ancient lich
 60092 | Vaults:5 | Killed an ancient lich
 60260 | Vaults:5 | Noticed an ancient lich
 60482 | Vaults:5 | Killed an ancient lich
 60813 | Vaults:4 | HP: 7/176 [quicksilver dragon (6)]
 60813 | Vaults:4 | HP: 2/176 [quicksilver dragon (5)]
 60814 | Vaults:4 | Killed from afar by a quicksilver dragon

Illustrated notes

Levels and vault maps discovered:
D:1:      lightli_arrival_isolated_outpost, layout_loops_ring
D:2:      wander_river, layout_basic, chequers_ecumenical_altar_simple_redux,
          doesnt_xom_only_xom, uniq_terence, uniq_jessica
D:3:      layout_basic, lemuel_doored_altar, first_ration, uniq_natasha
D:4:      layout_cave_pools, serial_shops, kennysheep_mini, enter_ossuary_5,
          sigmund_army
D:5:      layout_loops_corners, chequers_temple_overflow_statue_of_worship,
          serial_shops, shop, patterned_corridor
D:6:      layout_loops_cross, led_sif_pool, cheibrodos_sewer_entry_sluice,
          serial_shops, nicolae_shop_behind_doors
D:7:      layout_loops_ring, minmay_temple_entry_junction, serial_shops, shop
D:8:      layout_loops_ring, okawaru_ov_weapons_minmay, uniq_prince_ribbit1
D:9:      layout_loops_ring, biasface_ghost_orc_armoury, minmay_microvault,
          uniq_psyche
D:10:     layout_layer_cave, lair_entry_dummy, orc_0_dummy
D:11:     layout_small_grid, serial_shops, shop, gauntlet_entry_generic
D:12:     layout_gridville, uniq_nessos
D:13:     layout_gridville, hangedman_vaults_entry_quadrant_bands,
          grunt_ogre_cave, uniq_frances, uniq_rupert
Temple:   regret_index_temple_generic_petals
Lair:1:   cheibrodos_lair_river_kwai, layout_layer_cave,
          infiniplex_staircase_pool_2
Lair:2:   layout_regular_city
Lair:3:   layout_gridlike, skrybe_swamp_entry_bodies,
          guppyfry_snake_entry_garden, lemuel_fruit_fields,
          minmay_lair_oklob_chamber
Lair:4:   cheibrodos_lair_overgrown_chateau, layout_regular_city,
          lemuel_oklob_altar
Lair:5:   layout_long_grid, serial_bayou_shore_a, uniq_snorg
Lair:6:   grunt_lair_end_beastmaster, layout_layer_cave,
          nicolae_slime_entry_slimehenge, basic_altar,
          chequers_serial_rivers_large_b
Swamp:1:  layout_basic_swamp, nicolae_swamp_rocky_clearing
Swamp:2:  layout_falls_marsh, portal_ice_cave_entry_pillars_2,
          infiniplex_staircase_pool
Swamp:3:  layout_basic_swamp, basic_altar, swamp_pool1
Swamp:4:  swamp_old_school, layout_basic_swamp, nicolae_swamp_fairy_circle,
          swamp_pool1, statue_in_the_mist_lemuel
Snake:1:  layout_onion_interference, gammafunk_ghost_split, grunt_ministairs_7,
          minmay_shop_grove
Snake:2:  layout_gridlike, grunt_megastairs_3, serial_bayou_shore_b,
          minmay_shop_star
Snake:3:  layout_misc_corridors, serial_shops, shop_fountains
Snake:4:  snake_hunt, layout_gridlike, grunt_megastairs_2, serial_bayou_shore_b
Orc:1:    layout_caves, serial_shops, shop_statue, enter_bailey_3, uniq_maurice,
          uniq_nergalle
Orc:2:    st_orc_open, layout_caves
Elf:1:    eino_elf_arrival_sip, layout_loops_corners, serial_shops, shop,
          hangedman_elf_represent, uniq_roxanne
Elf:2:    layout_loops_cross
Elf:3:    minmay_elf_hall_furrowed, layout_geoelf_octagon, mu_enter_wizlab_3,
          st_stairs_7, guppyfry_elf_castle
Vaults:1: nicolae_vaults_network_square, ontoclasm_vaults_ligature, v_rooms_4,
          grunt_vaults_hallway_long, serial_ice_h, v_misc_15,
          nicolae_vaults_network_quinsquares
          [nicolae_vaults_network_quincunx_subvault,
          nicolae_vaults_network_quincunx_subvault,
          nicolae_vaults_network_quincunx_subvault,
          nicolae_vaults_network_quincunx_subvault], ontoclasm_vaults_gallery,
          v_misc_33, nicolae_vaults_diagonal_hallway_7, ontoclasm_vaults_twist,
          vaults_dpeg_ring, ontoclasm_vaults_eye, hangedman_vaults_nails,
          layout_vaults_maze_bifur, serial_shops, nicolae_shop_crystal
Vaults:2: st_cross, ontoclasm_vaults_fault, nicolae_vaults_back_hallway,
          vaults_standard_mumra_x, vaults_room_door_ring,
          minmay_crypt_entry_simple_statues, v_misc_5, v_pattern_2, v_misc_22,
          ontoclasm_vaults_chip, layout_vaults_omnibox
Vaults:3: nicolae_vaults_c_with_doors, grunt_vaults_bifocal,
          hangedman_vaults_slither, hangedman_vaults_variations, v_misc_5,
          grunt_vaults_trifunnel, nicolae_vaults_ring_of_whatevers, v_pattern_3,
          v_misc_22, grunt_vaults_funnel, layout_vaults_omnigrid
Vaults:4: vaults_dpeg_encased_lava, grunt_vaults_diagonal, st_squares,
          hangedman_vaults_stagger, v_alt_pattern_1,
          vaults_room_grunt_arrival_ludios, v_misc_3,
          ontoclasm_vaults_ring_large, vaults_room_pools,
          nicolae_vaults_yaktaur_gun_rack, dpeg_vaults_monster_row,
          ontoclasm_vaults_ring_small, layout_vaults_ring
Vaults:5

Skill      XL: |  1  2  3  4  5  6  7  8  9 10 11 12 13 14 15 16 17 18 19 20 21 22 23 |
---------------+----------------------------------------------------------------------+-----
Earth Magic    | 3 4 5 6 7 9 11 13 14 16 18 20 22 23 24 | 24.7
Spellcasting   | 2 3 4 5 6 7 8 9 10 11 13 14 15 16 18 20 | 20.3
Shields        | 1 4 9 11 14 15 16 | 16.0
Fighting       | 1 11 14 | 14.6
Dodging        | |  1.7
Stealth        | |  1.7
Transmutations | |  0.8

Action                   |  1- 3 |  4- 6 |  7- 9 | 10-12 | 13-15 | 16-18 | 19-21 | 22-24 || total
-------------------------+-------+-------+-------+-------+-------+-------+-------+-------++-------
Melee: Unarmed           |    47 |       |       |       |       |       |       |       ||    47
       Short sword       |    39 |       |       |       |       |       |       |       ||    39
       Trident           |       |    69 |    24 |       |       |       |       |       ||    93
       Flail             |       |       |   332 |       |       |       |       |       ||   332
       Dagger            |       |       |    14 |   144 |    21 |    70 |    27 |    58 ||   334
       Staff             |       |       |       |       |       |       |   211 |       ||   211
Throw: Stone             |       |       |       |     1 |       |     2 |     5 |     4 ||    12
 Cast: Sandblast         |    24 |    67 |   138 |   142 |     4 |   241 |   160 |     3 ||   779
       Lee's Rapid Decon |       |       |     8 |    88 |     2 |   421 |   153 |    39 ||   711
       Stone Arrow       |       |       |     5 |   118 |    34 |   235 |     2 |     1 ||   395
       Petrify           |       |       |       |     9 |       |     4 |     2 |       ||    15
       Iron Shot         |       |       |       |       |       |   142 |   352 |    54 ||   548
       Blink             |       |       |       |       |       |     4 |     7 |     2 ||    13
       Shatter           |       |       |       |       |       |       |   161 |    73 ||   234
Evoke: Wand              |       |       |    18 |    35 |     9 |    12 |     5 |     1 ||    80
       Lightning rod     |       |       |       |     8 |       |    19 |    11 |       ||    38
  Use: Scroll            |       |     5 |    10 |    18 |       |    36 |    13 |     2 ||    84
       Potion            |       |     3 |       |     1 |     2 |    14 |     1 |     4 ||    25
 Stab: Sleeping          |     5 |     7 |     9 |     1 |       |       |     1 |       ||    23
       Distracted        |     1 |       |       |       |       |       |     1 |       ||     2
       Paralysed         |       |       |       |     2 |       |     5 |       |       ||     7
  Eat: Chunk             |     4 |     7 |    20 |    27 |     4 |    37 |    41 |    19 ||   159
       Ration            |       |       |     1 |     2 |       |     9 |    26 |     4 ||    42
Armor: Robe              |    20 |    34 |   230 |    18 |       |       |       |       ||   302
       Troll leather arm |       |       |       |    64 |    13 |   146 |   253 |    42 ||   518
Dodge: Dodged            |    62 |    84 |   453 |   292 |    49 |   216 |   285 |    70 ||  1511
       Repelled          |       |       |     2 |    13 |       |     2 |       |       ||    17
Block: Buckler           |       |       |       |    86 |    17 |   107 |       |       ||   210
       Kite shield       |       |       |       |       |       |   191 |   595 |   152 ||   938
